 Dungeon Crawl Stone Soup version 0.28.0-45-g0d030f2227 (webtiles) character file.

Game seed: 3519978642612554284

70 NinjaNoafa the Chopper (level 4, 0/40 HPs)
             Began as a Hill Orc Monk on Apr 20, 2022.
             Was a Believer of Vehumet.
             Killed from afar by a dart slug (3 damage)
             ... with a slug dart
             ... on level 3 of the Dungeon.
             The game lasted 00:04:29 (2377 turns).

NinjaNoafa the Chopper (Hill Orc Monk)              Turns: 2377, Time: 00:04:29

Health: 0/40       AC:  2    Str: 13    XL:     4   Next: 22%
Magic:  14/14      EV: 13    Int: 10    God:    Vehumet [**....]
Gold:   83         SH:  0    Dex: 15    Spells: 4/4 levels left

rFire   . . .      SeeInvis .   a - +1 hand axe
rCold   . . .      Faith    .   (no shield)
rNeg    . . .      Spirit   .   b - +0 robe
rPois   .          Reflect  .   (no helmet)
rElec   .          Harm     .   (no cloak)
rCorr   .          Rampage  .   (no gloves)
Will    .....                   (no boots)
Stlth   ++........              (no amulet)
HPRegen 0.13/turn               c - ring of magical power
MPRegen 0.14/turn               (no ring)

@: no status effects
A: no striking features
a: Renounce Religion


You were on level 3 of the Dungeon.
You worshipped Vehumet.
Vehumet was pleased with you.
You visited 1 branch of the dungeon, and saw 3 of its levels.

You collected 83 gold pieces.

Inventory:

Hand Weapons
 a - a +1 hand axe (weapon)
Missiles
 f - 72 stones (quivered)
Armour
 b - a +0 robe (worn)
Jewellery
 c - a ring of magical power (left hand)
Scrolls
 e - a scroll of blinking


   Skills:
 - Level 4.1 Fighting
 - Level 4.5 Axes
 - Level 2.8 Dodging
 - Level 2.2 Stealth
 + Level 0.7 Spellcasting
 + Level 1.1 Fire Magic


You had 4 spell levels left.
You didn't know any spells.
Your spell library contained the following spells:

 Spells                   Type           Power      Damage    Failure   Level
 Scorch                   Fire           4%         2d5       32%         2
 Summon Guardian Golem    Hex/Summ       0%         N/A       71%         3
 Orb of Destruction       Conj           0%         9d5       100%        7
 Spellforged Servitor     Conj/Summ      0%         N/A       100%        7


Dungeon Overview and Level Annotations

Branches:
Dungeon (3/15)

Altars:
Vehumet


Message History

A rat comes into view.
The goblin unwields a +0 dagger.
The goblin wields a +0 hunting sling.
The goblin shoots a stone.
The stone hits you.
* * * LOW HITPOINT WARNING * * *
The goblin shoots a stone.
The stone closely misses you.
A dart slug comes into view.
As you read the scroll of summoning, it crumbles to dust.
Wisps of shadow whirl around you...
The goblin shoots a stone.
The stone hits you.
* * * LOW HITPOINT WARNING * * *
The dart slug closely misses your bat.
Your bat hits the dart slug but does no damage.
Your bat hits the dart slug.
Your bat hits the dart slug but does no damage.
The dart slug launches a dart at you. The slug dart hits your endoplasm.
Your endoplasm dies!
Your endoplasm dissolves into shadows!
You aren't carrying any potions.
Your bat hits the dart slug but does no damage.
Your bat hits the dart slug but does no damage.
The goblin shoots a stone.
The stone hits you.
* * * LOW HITPOINT WARNING * * *
The dart slug launches a dart at you. The slug dart misses your bat.
The slug dart hits you.
* * * LOW HITPOINT WARNING * * *
Your bat hits the dart slug but does no damage.
The goblin shoots a stone.
The stone barely misses you.
The goblin shoots a stone.
The stone closely misses you. The dart slug closely misses your bat.
Your bat completely misses the dart slug.
As you open the door, it creaks loudly!
A dart slug comes into view.
Your bat hits the dart slug.
The goblin shoots a stone.
The stone hits you.
* * * LOW HITPOINT WARNING * * *
There is an open door here.
Found a scroll labelled ENOUXUTIWA.
The dart slug launches a dart at you. The slug dart hits you.
You die...

#.........
#.........
#.........
####...?.... .
.........# .
#......# .
#......# .#
#.b@...# ..
#####......##
..##+###
#..............
..?b...#
#..............
.......#
#....###.......
...w...# #....#
......#
≈#.....###..w.#
##.####
##.g....w'....#
...
..#+######....#
..


You could see a dart slug and a friendly bat (summoned).

Vanquished Creatures
  An adder (D:2)
  6 dart slugs (D:3)
  4 ball pythons
  7 bats
  2 bat zombies (D:2)
  3 endoplasms
  A giant cockroach (D:2)
  2 goblins
  3 hobgoblins
  4 jackals (D:1)
  2 quokkas (D:2)
  3 frilled lizards
  A giant cockroach zombie (D:2)
  3 kobolds
  3 rats
45 creatures vanquished.

Vanquished Creatures (others)
  6 withered plants (D:2)
6 creatures vanquished.

Grand Total: 51 creatures vanquished

Notes
Turn   | Place    | Note
-------+----------+-------------------------------------------
     0 | D:1      | NinjaNoafa the Hill Orc Monk began the quest for the Orb.
     0 | D:1      | Reached XP level 1. HP: 19/19 MP: 1/1
   343 | D:1      | Reached XP level 2. HP: 11/27 MP: 2/2
  1416 | D:2      | Reached XP level 3. HP: 30/33 MP: 3/3
  1622 | D:2      | Found a faded altar of an unknown god.
  1809 | D:2      | Found a radiant altar of Vehumet.
  1817 | D:2      | Became a worshipper of Vehumet
  1817 | D:2      | Reached * piety under Vehumet
  1817 | D:2      | Offered knowledge of Shock by Vehumet.
  1817 | D:2      | Reached ** piety under Vehumet
  1998 | D:2      | Offered knowledge of Scorch by Vehumet.
  2278 | D:3      | Reached XP level 4. HP: 20/40 MP: 4/4
  2285 | D:3      | Reached skill level 1 in Fire Magic
  2369 | D:3      | HP: 2/40 [goblin/stone (3)]
  2377 | D:3      | Killed from afar by a dart slug

Illustrated notes

Levels and vault maps discovered:
D:1:      onia_arrival_mini_spirals, layout_basic, minmay_pentomino_u2
D:2:      layout_rooms, serial_undead, serial_undead_b, serial_undead_c,
          serial_undead_e, serial_undead_e, ebering_ecumenical_altar_abandoned,
          basic_altar
D:3:      kennysheep_slugbush, layout_basic, guppyfry_early_orc_mine

Skill      XL: |  1  2  3  4 |
---------------+-------------+-----
Fighting       | 4 |  4.1
Stealth        | 2 |  2.2
Fire Magic     | 1 |  1.1
Axes           | |  4.5
Dodging        | |  2.8
Spellcasting   | |  0.7

Action                   |  1- 3 |  4- 6 || total
-------------------------+-------+-------++-------
Melee: Hand axe          |   125 |     7 ||   132
       Punch             |     4 |     1 ||     5
  Use: Scroll            |     6 |     1 ||     7
       Potion            |     2 |       ||     2
 Stab: Sleeping          |     6 |       ||     6
       Distracted        |     1 |       ||     1
Armor: Robe              |    50 |     2 ||    52
Dodge: Dodged            |   114 |     8 ||   122
